 Dungeon Crawl Stone Soup version 0.30-a0-586-g23e55c9e0a (webtiles) character file.

Game seed: 11270898238418869985

199754 DSscumlord the Bludgeoner (level 18, -6/149 HPs)
             Began as a Demonspawn Wanderer on Jan 4, 2023.
             Was the Champion of Okawaru.
             Killed from afar by a starcursed mass (7 damage)
             ... with an accursed screaming
             ... on level 2 of the Abyss.
             The game lasted 02:25:57 (36194 turns).

DSscumlord the Bludgeoner (Demonspawn Wanderer)    Turns: 36194, Time: 02:25:58

Health: -6/149     AC: 27    Str: 22    XL:     18   Next: 25%
Magic:  0/23       EV: 10    Int: 19    God:    Okawaru [******]
Gold:   1769       SH: 14    Dex: 17    Spells: 21/21 levels left

rFire   + . .      SeeInvis +    b - +7 mace "Ugi Voph" {freeze, rElec rN+ rCorr SInv}
rCold   + + .      Faith    .    c - +2 kite shield
rNeg    + + +      Spirit   +    g - +2 chain mail {rPois}
rPois   +          Reflect  .    e - +2 helmet of the Jackalope {rN+ Dex+4}
rElec   +          Harm     .    (cloak unavailable)
rCorr   +          Rampage  .    i - +0 pair of gloves of Weak the Leaf {rF+ rC+}
Will    +....                    B - +3 pair of boots of the Arcane {Int+4 Slay+2 Stlth+} Stlth
                                 G - amulet of guardian spirit
HPRegen 0.00/turn                N - ring of positive energy
MPRegen 0.18/turn                V - ring "Tueqohaq" {rC+ Str+3 SInv}

@: sick, slowed, very slow
A: ignite blood 3, powered by pain 3, sharp scales 2, corrupting presence 1,
weakness stinger 3
a: Renounce Religion, Heroism, Finesse, Duel


You were on level 2 of the Abyss.
You worshipped Okawaru.
Okawaru was exalted by your worship.
You visited 6 branches of the dungeon, and saw 29 of its levels.
You visited the Abyss 1 time.
You also visited: Bailey, Gauntlet, Volcano and Wizlab.

You collected 2980 gold pieces.
You spent 1211 gold pieces at shops.


Innate Abilities, Weirdness & Mutations

Your demonic aura causes all spilled blood to erupt in flames.
You are powered by pain.
You are mostly covered in razor-sharp scales. (AC +2, Slay +2)
Your presence sometimes corrodes those you injure.
You have a sharp stinger which inflicts weakening toxins.


   Skills:
 - Level 15.0 Fighting
 - Level 1.2 Short Blades
 - Level 16.0 Maces & Flails
 - Level 10.0 Throwing
 - Level 15.0 Armour
 - Level 5.0 Dodging
 - Level 1.9 Stealth
 + Level 11.4 Shields
 - Level 2.0 Spellcasting
 - Level 10.0 Necromancy
 - Level 1.0 Translocations
 - Level 7.0 Invocations
 - Level 1.0 Evocations


You had 21 spell levels left.
You didn't know any spells.
Your spell library contained the following spells:

 Spells                   Type           Power      Damage    Failure   Level
 Sublimation of Blood     Necr           39%        N/A       4%          2
 Vampiric Draining        Necr           39%        2d8       9%          3
 Kiss of Death            Conj/Necr      80%        2d11      22%         1
 Dispel Undead            Necr           39%        3d16      26%         4
 Cigotuvi's Dreadful Rot  Necr/Pois/Air  28%        N/A       54%         2
 Sandblast                Erth           2%         2d4       86%         1
 Slow                     Hex            4%         N/A       86%         1
 Blink                    Tloc           10%        N/A       86%         2
 Momentum Strike          Conj/Tloc      6%         3d8       90%         2
 Anguish                  Hex/Necr       10%        N/A       91%         4
 Ensorcelled Hibernation  Hex/Ice        2%         N/A       94%         2
 Passwall                 Tmut/Erth      0%         N/A       94%         2
 Confusing Touch          Hex            1%         N/A       99%         3
 Spider Form              Tmut/Pois      1%         N/A       99%         3
 Stone Arrow              Conj/Erth      2%         3d7       99%         3
 Petrify                  Tmut/Erth      1%         N/A       100%        4
 Blade Hands              Tmut           0%         N/A       100%        5
 Irradiate                Conj/Tmut      0%         3d11      100%        5
 Metabolic Englaciation   Hex/Ice        0%         N/A       100%        5
 Silence                  Hex/Air        0%         N/A       100%        5
 Conjure Ball Lightning   Conj/Air       0%         3x3d6     100%        6
 Statue Form              Tmut/Erth      0%         N/A       100%        6
 Dragon Form              Tmut           0%         N/A       100%        7
 Orb of Destruction       Conj           0%         9d5       100%        7
 Storm Form               Tmut/Air       0%         N/A       100%        7
 Discord                  Hex            0%         N/A       100%        8
 Disjunction              Tloc           2%         N/A       100%        8
 Lehudib's Crystal Spear  Conj/Erth      0%         10d2      100%        8
 Chain Lightning          Conj/Air       0%         2d1       100%        9
 Summon Small Mammal      Summ           Unusable   N/A       N/A         1
 Call Canine Familiar     Summ           Unusable   N/A       N/A         3
 Summon Guardian Golem    Hex/Summ       Unusable   N/A       N/A         3
 Death Channel            Necr           Unusable   N/A       N/A         6
 Animate Armour           Summ/Erth      Unusable   N/A       N/A         4
 Summon Ice Beast         Ice/Summ       Unusable   N/A       N/A         4
 Summon Mana Viper        Hex/Summ       Unusable   N/A       N/A         5
 Monstrous Menagerie      Summ           Unusable   N/A       N/A         7
 Spellforged Servitor     Conj/Summ      Unusable   N/A       N/A         7

Inventory:

Hand Weapons
 a - the +7 sceptre of Torment {pain, torment}
   (You found it on level 8 of the Dungeon)

   In the hands of one skilled in necromantic magic, it inflicts extra damage on
   living creatures.
   It occasionally torments all nearby living foes when it strikes in combat.
 b - the +7 mace "Ugi Voph" (weapon) {freeze, rElec rN+ rCorr SInv}
   (Okawaru gifted it to you in a Gauntlet)

   It freezes those it strikes, dealing additional cold damage.
   It can also slow down cold-blooded creatures.
   rElec:     It insulates you from electricity.
   rN:        It protects you from negative energy.
   SInv:      It lets you see invisible.
   rCorr:     It protects you from acid and corrosion.
 F - the +5 short sword "Avaxovid" {distort, Int+3 SInv}
   (You found it on level 12 of the Dungeon)

   It warps and distorts space around it, and may blink, banish, or inflict
   extra damage upon those it strikes.
   Unwielding it can cause banishment or teleport you to foes.
   Int:       It affects your intelligence (+3).
   SInv:      It lets you see invisible.
 Y - the +7 morningstar of Absolution {heavy, Drain rC+ Str+5}
   (Okawaru gifted it to you in a wizard's laboratory)

   It deals dramatically more damage, but attacks with it are much slower.
   Str:       It affects your strength (+5).
   rC:        It protects you from cold.
   Drain:     It drains your maximum health when unequipped.
Missiles
 w - 5 atropa-tipped darts
 x - 3 curare-tipped darts {=f}
 y - 9 silver javelins
 H - 9 javelins
 M - 15 boomerangs (quivered)
 U - 11 poisoned darts
 Z - 2 boomerangs of dispersal {=f!f}
Armour
 c - a +2 kite shield (worn)
   (You took it off Asterion on level 1 of the Depths)
 e - the +2 helmet of the Jackalope (worn) {rN+ Dex+4}
   (You found it in a Gauntlet)

   Dex:       It affects your dexterity (+4).
   rN:        It protects you from negative energy.
 g - a +2 chain mail of poison resistance (worn)
   (Okawaru gifted it to you on level 2 of the Depths)
 i - the +0 pair of gloves of Weak the Leaf (worn) {rF+ rC+}
   (You acquired it on level 9 of the Dungeon)

   rF:        It protects you from fire.
   rC:        It protects you from cold.
 B - the +3 pair of boots of the Arcane (worn) {Int+4 Slay+2 Stlth+}
   (You found it on level 7 of the Dungeon)

   Int:       It affects your intelligence (+4).
   Slay:      It affects your accuracy & damage with ranged weapons and melee
   (+2).
   Stlth:     It makes you more stealthy.
 P - a +5 crystal plate armour {rare}
   (You found it in a bailey)
Jewellery
 f - a ring of protection from fire
   (You took it off a minotaur in a Gauntlet)
 G - an amulet of guardian spirit (around neck)
   (You found it on level 2 of the Dungeon)
 L - a ring of flight
   (You found it on level 15 of the Dungeon)
 N - a ring of positive energy (left hand)
   (You found it on level 8 of the Dungeon)
 V - the ring "Tueqohaq" (right hand) {rC+ Str+3 SInv}
   (You found it on level 11 of the Dungeon)

   [ring of see invisible]

   Str:       It affects your strength (+3).
   rC:        It protects you from cold.
   SInv:      It lets you see invisible.
Wands
 l - a wand of roots (24)
   (You took it off an orc priest on level 10 of the Dungeon)
 o - a wand of polymorph (30)
   (You found it on level 8 of the Dungeon)
 v - a wand of digging (7)
   (You found it on level 2 of the Depths)
 K - a wand of mindburst (25)
   (You found it in a wizard's laboratory)
 S - a wand of acid (5)
   (You found it on level 11 of the Dungeon)
Scrolls
 d - 4 scrolls of fog
 h - 10 scrolls of teleportation {@r4}
 j - 4 scrolls of fear
 p - a scroll of poison {!r}
 s - 7 scrolls of immolation {!r!r}
 D - 4 scrolls of blinking {!r}
 O - 4 scrolls of identify {@r1}
 Q - 4 scrolls of magic mapping {!r}
 R - a scroll of silence {!r}
Potions
 k - 4 potions of heal wounds {@q2}
 m - a potion of resistance
 n - 2 potions of berserk rage {!q}
 q - 2 potions of might
 r - 3 potions of lignification {!q}
 t - a potion of curing {@q1}
 u - 2 potions of flight
 z - 4 potions of cancellation
 A - 2 potions of haste {@q3}
 I - 5 potions of brilliance
 T - 2 potions of attraction {!q}
 W - a potion of ambrosia
Miscellaneous
 E - a piece from Xom's chessboard (15/15)
   (You found it in a Gauntlet)
 X - a lightning rod (4/4)
   (You found it on level 1 of the Lair of Beasts)

Dungeon Overview and Level Annotations

Branches:
Dungeon (15/15) Zot: 25777  Temple (1/1) D:4 Zot: 5859    Lair (5/5) D:11 Zot: 23865
  Swamp (2/4) Lair:3 Zot: 10548  Spider (0/4) Lair:3        Slime (0/5) Lair:5
    Orc (2/2) D:9 Zot: 9269     Elf (0/3) Orc:2        Vaults (0/5) D:13
 Depths (4/4) D:15 Zot: 18009  Bailey (visited)         Volcano (visited)
 WizLab (visited)         Gauntlet (visited)
    Zot: Depths:4

Altars:
Ashenzari
Cheibriados
Dithmenos
Fedhas
Gozag
Hepliaklqana
Kikubaaqudgha
Makhleb
Nemelex Xobeh
Okawaru
Qazlal
Ru
Sif Muna
Trog
Uskayaw
Vehumet
Wu Jian
Xom
Yredelemnul
Jiyva
Lugonu

Shops:
D:6 :   D:8 (   D:15 (   Orc:2 =(*!   Depths:3 =   Depths:4 =

Portals:
Hell: Depths:1 Depths:2 Depths:3
Abyss: Depths:1 Depths:2 Depths:3
Pandemonium: Orc:2 Depths:1 Depths:2
Ziggurat: Depths:1

Annotations:
D:2 1 runed translucent door, Crazy Yiuf
D:7 2 transporters, DSscumlord's ghost, novice DsCj; IdlyInterested's ghost, novice DsFi; Joseph
D:11 exclusion: boulder beetle
Swamp:2 Louise
Depths:3 Sojobo

.... #..#.##
#.#..#.#.#X..#
#....##...X..#
#.....#...X#☼#
.#...#.#.2.#.# #
#.............. .
# ..#§§X..## #.#..
..3.#.#§§.3#.#..##
.# #.... .#@§##..
..# .. #§###..# .#
. #...5§. X.. .#
##5.... .. ... .
...... #.....#.
..#....## ...## .
. ###.## #. . ...
. # # . .


You could see a starcursed mass, a cacodemon, a smoke demon and an ufetubus.


Message History

* * * LOW HITPOINT WARNING * * *
The cacodemon hits you!
* * * LOW HITPOINT WARNING * * *
The cacodemon hits you!
* * * LOW HITPOINT WARNING * * *
You block the smoke demon's attack. The smoke demon closely misses you.
The smoke demon hits you but does no damage. 😱 HP[-27] MP[-7]
You take 27 damage, and now have 36/149 hp.
You lost 7 mp, and now have 9/23 mp.
Unknown command.
Really read
D - 6 scrolls of blinking {!r}?
Blink to where?
Press: ? - help, Dir - move target A large abomination comes into view.
As you read the scroll of blinking {!r}, it crumbles to dust.
You block the large abomination's attack.
You sock the large abomination! You freeze the large abomination.
The large abomination hits you but does no damage.
A chorus of shrieks assaults your mind.
* * * LOW HITPOINT WARNING * * *
😱 HP[-6] MP[-2]
You take 6 damage, and now have 30/149 hp.
You lost 2 mp, and now have 7/23 mp.
The smoke demon gestures at you. Something smites you!
* * * LOW HITPOINT WARNING * * *
A starcursed mass splits.
A chorus of shrieks assaults your mind.
* * * LOW HITPOINT WARNING * * *
You block the large abomination's attack. 😱 HP[-18] MP[-4]
You take 18 damage, and now have 12/149 hp.
You lost 4 mp, and now have 3/23 mp.
You feel much better. A chorus of shrieks assaults your mind.
* * * LOW HITPOINT WARNING * * *
The large abomination hits you but does no damage.
The cacodemon gestures at you.
You are confused. 😨 HP[+27] MP[-1]
You regained 27 hp, and now have 39/149 hp.
You lost 1 mp, and now have 2/23 mp.
You feel better. A chorus of shrieks assaults your mind.
* * * LOW HITPOINT WARNING * * *
The cacodemon hits you but does no damage.
The cacodemon closely misses you.
You block the large abomination's attack. 😨 HP[-1] MP[-1]
You take 1 damage, and now have 38/149 hp.
You lost 1 mp, and now have 1/23 mp.
Unknown command.
As you read the scroll of fear, it crumbles to dust.
You assume a fearsome visage.
The smoke demon resists with some effort.
The starcursed mass is unaffected.
The cacodemon resists with almost no effort.
The large abomination is unaffected.
The starcursed mass is unaffected.
The starcursed mass is unaffected.
You block the cacodemon's attack.
The cacodemon hits you but does no damage.
You block the large abomination's attack.
A chorus of shrieks assaults your mind.
* * * LOW HITPOINT WARNING * * *
The cacodemon hits you but does no damage.
The cacodemon hits you.
* * * LOW HITPOINT WARNING * * *
😱 HP[-13] MP[-1]
You take 13 damage, and now have 25/149 hp.
You lost 1 mp, and now have 0/23 mp.
Unknown command.
You block the smoke demon's attack.
The smoke demon hits you but does no damage.
You block the smoke demon's attack. A chorus of shrieks assaults your mind.
* * * LOW HITPOINT WARNING * * *
The cacodemon hits you.
* * * LOW HITPOINT WARNING * * *
The cacodemon hits you but does no damage.
The smoke demon gestures at you. The ball of steam hits you. You resist.
* * * LOW HITPOINT WARNING * * *
😱 HP[-20] MP[+1]
You take 20 damage, and now have 5/149 hp.
Really read
D - 5 scrolls of blinking {!r}?
Blink to where?
Press: ? - help, Dir - move target
As you read the scroll of blinking {!r}, it crumbles to dust.
The ufetubus shouts!
A chorus of shrieks assaults your mind.
* * * LOW HITPOINT WARNING * * *
😱 HP[-4] MP[-1]
You take 4 damage, and now have 1/149 hp.
You lost 1 mp, and now have 0/23 mp.
As you read the scroll of fog, it crumbles to dust.
The scroll dissolves into smoke.
The starcursed mass shrieks in your mind.
You die...

Skill      XL: |  1  2  3  4  5  6  7  8  9 10 11 12 13 14 15 16 17 18 |
---------------+-------------------------------------------------------+-----
Fighting       | 1 2 3 5 7 10 11 14 15 | 15.0
Short Blades   | 1 |  1.2
Maces & Flails | 1 2 3 5 9 11 13 15 16 | 16.0
Shields        | 3 4 6 9 11 | 11.4
Dodging        | 1 3 5 |  5.0
Invocations    | 1 4 6 7 |  7.0
Throwing       | 5 9 10 | 10.0
Stealth        | 1 |  1.9
Armour         | 3 4 7 10 11 13 15 | 15.0
Necromancy     | 5 7 10 | 10.0
Spellcasting   | |  2.0
Translocations | |  1.0
Evocations     | |  1.0

Action                   |  1- 3 |  4- 6 |  7- 9 | 10-12 | 13-15 | 16-18 || total
-------------------------+-------+-------+-------+-------+-------+-------++-------
Melee: Dagger            |    33 |       |       |       |       |       ||    33
       Whip              |    62 |    94 |   272 |    77 |       |       ||   505
       Tailslap          |     4 |    16 |    40 |    51 |   110 |   122 ||   343
       Eveningstar       |       |       |       |   361 |   671 |   495 ||  1527
       Mace              |       |       |       |       |       |   125 ||   125
       Morningstar       |       |       |       |       |       |    11 ||    11
Throw: Dart              |    33 |     4 |    24 |    47 |     6 |     7 ||   121
       Stone             |     6 |    21 |    12 |    23 |       |       ||    62
       Javelin           |    10 |    15 |    15 |    13 |     8 |    52 ||   113
       Boomerang         |       |       |       |   200 |    97 |   100 ||   397
Evoke: Wand              |       |       |       |     4 |       |     2 ||     6
       Lightning rod     |       |       |       |       |       |     1 ||     1
  Use: Scroll            |     3 |       |     8 |    13 |     5 |    10 ||    39
       Potion            |     1 |       |     1 |     1 |     1 |    17 ||    21
 Stab: Sleeping          |     2 |       |       |     7 |    10 |       ||    19
       Distracted        |       |       |       |       |     1 |       ||     1
Armor: Robe              |    46 |    22 |    17 |       |       |       ||    85
       Steam dragon scal |       |       |   113 |    85 |       |       ||   198
       Skin              |       |       |       |     6 |       |       ||     6
       Quicksilver drago |       |       |       |   138 |   195 |       ||   333
       Crystal plate arm |       |       |       |       |   193 |   525 ||   718
       Chain mail        |       |       |       |       |       |    66 ||    66
Dodge: Dodged            |    60 |    23 |   174 |   223 |   243 |   158 ||   881
Block: Buckler           |    24 |    15 |    85 |   125 |   151 |   117 ||   517
       Kite shield       |       |       |       |       |       |   155 ||   155

Levels and vault maps discovered:
D:1:      scummos_arrival_star, layout_rooms
D:2:      layout_basic, uniq_crazy_yiuf_cottage
D:3:      minmay_inner_zag, layout_rooms, shapermc_ecumenical_altar_pompeii,
          uniq_robin
D:4:      layout_rooms, mainiacjoe_overflow_large_starburst,
          minmay_temple_entry_statues_pillars
D:5:      layout_rooms
D:6:      layout_cave_pools, serial_shops, shop, uniq_maggie
D:7:      cheibrodos_steamvent, layout_rooms, minitemple, gammafunk_ghost_arena,
          serial_corexii_hall, chequers_hall_statues_wall_a,
          chequers_hall_statues_corner_a, nicolae_benzene_ring,
          kennysheep_generic_room_9, uniq_joseph
D:8:      layout_basic, amcnicky_altar_gilded, serial_shops,
          nicolae_shop_bloodbath_and_beyond, gammafunk_ghost_split,
          dreamdust_gnoll_shepherd, uniq_psyche, uniq_grum
D:9:      layout_irregular_city, orc_0_dummy, minmay_librarian
D:10:     layout_basic, old_standard_altar, enter_bailey_3, fountainhead,
          minivault_1, chequers_decorated_corner, kennysheep_crisscross,
          wad_scary_box
D:11:     layout_roguey, erik_lair_island, nicolae_figureground_pulse
D:12:     layout_irregular_city
D:13:     layout_roguey, erik_vaults_2, nicolae_concentric_dashed_squares_wild,
          nicolae_straight_to_the_point
D:14:     layout_roguey, dk_noncrumbling_4
D:15:     grunt_enter_depths_giant_problem, layout_cave_pools, nicolae_sextant,
          serial_shops, nicolae_shop_waterfront
Temple:   kb_temple_of_zot
Lair:1:   layout_gridlike, worms_lemuel, grunt_megastairs_5
Lair:2:   layout_loops_ring, enter_volcano_2, chequers_serial_rivers_large_b,
          infiniplex_staircase_pool, uniq_fannar, uniq_sonja
Lair:3:   layout_long_grid, minmay_swamp_entry_reptiles,
          nicolae_spider_entry_lesser_pyramids, gauntlet_entry_generic
Lair:4:   layout_cave_pods, grunt_megastairs_2
Lair:5:   gammafunk_lair_ancient_temple, layout_long_grid, slime_entry_1,
          lemuel_fruit_fields
Swamp:1:  layout_basic_swamp, serial_swamp_ruin, hangedman_swamp_ruin_wall,
          evilmike_swamp_ruin_house_5, swamp_pool5, hangedman_swamp_phenomena
Swamp:2:  layout_basic_swamp, nicolae_swamp_very_dense_foliage, uniq_louise
Orc:1:    layout_diamond_mine, basic_altar, uniq_erica
Orc:2:    pf_orc_diabolical, layout_caves, nicolae_orc_lava_tube
Depths:1: layout_gridlike, enter_ziggurat_d,
          nicolae_abyss_entry_one_way_or_another, nicolae_xom_altar_mimics,
          hell_entry, pan_entry, grunt_dithmenos_smoke_and_mirrors,
          uniq_asterion, uniq_aizul
Depths:2: minmay_open_boxes_in_corner, layout_cave_shapes, grunt_hell_horde,
          pan_entry, chequers_serial_rivers_micro_a, abyss_entry,
          minmay_curled_crystal, hangedman_glass_teeth,
          kiku_gazebo_garden_becter, infiniplex_staircase_pool_2
Depths:3: minmay_slanted_spiral_squares, layout_honeycomb,
          abyss_entry_small_statue_room, mu_enter_wizlab_1, hell_entry,
          columned_hall_lemuel, uniq_grunn, uniq_josephina, uniq_margery
Depths:4: grunt_twist_and_shout, layout_cave_pools, hangedman_ru_absence,
          hell_entry, abyss_entry_flame_altar, grunt_pan_entry_zigzag,
          minmay_shop_enchanted_jewellery, kennysheep_okawaru_gauntlet,
          uniq_saint_roka, uniq_sojobo
Abyss:2:  base: Spider:1, eino_small_chamber_without_monster, minivault_25_ag

Notes
Turn   | Place    | Note
-------+----------+-------------------------------------------
     0 | D:1      | DSscumlord the Demonspawn Wanderer began the quest for the
                  | Orb.
     0 | D:1      | DSscumlord set off with the following items: a +0 dagger, 9
                  | poisoned darts, a +0 buckler of protection, a scroll of
                  | fog, a +0 robe; and the following spells available to
                  | memorise: Blink, Momentum Strike.
     0 | D:1      | Reached XP level 1. HP: 13/13 MP: 3/3
     0 | D:1      | magus.rc [v1.11.2]
   117 | D:1      | Reached skill level 1 in Fighting
   130 | D:1      | Reached skill level 1 in Short Blades
   130 | D:1      | Gained mutation: You have a small tail. [demonic ancestry]
   130 | D:1      | Reached XP level 2. HP: 21/21 MP: 5/5
  1033 | D:2      | Reached XP level 3. HP: 27/27 MP: 6/6
  1177 | D:2      | Found a runed translucent door.
  1178 | D:2      | Noticed Crazy Yiuf
  1588 | D:2      | Reached skill level 2 in Fighting
  1588 | D:2      | Reached skill level 1 in Maces & Flails
  1832 | D:3      | Noticed Robin
  1836 | D:2      | Reached skill level 3 in Shields
  2110 | D:2      | Gained mutation: Your demonic aura sometimes causes spilled
                  | blood to erupt in flames. [demonic ancestry]
  2110 | D:2      | Reached XP level 4. HP: 20/33 MP: 7/7
  2188 | D:3      | Killed Robin
  2360 | D:3      | Reached skill level 2 in Maces & Flails
  2653 | D:3      | Identified the +0 pair of boots of Death's Door {Drain
                  | Int+2 Slay+2}
  2913 | D:3      | Found a faded altar of an unknown god.
  2976 | D:4      | Gained mutation: You are partially covered in razor-sharp
                  | scales. (AC +1, Slay +1) [demonic ancestry]
  2976 | D:4      | Reached XP level 5. HP: 38/38 MP: 8/8
  3035 | D:4      | Found a staircase to the Ecumenical Temple.
  3048 | Temple   | Entered the Ecumenical Temple
  3184 | Temple   | Became a worshipper of Warmaster Okawaru
  3231 | D:4      | Reached skill level 4 in Shields
  3241 | D:4      | Reached skill level 3 in Maces & Flails
  3349 | D:4      | Noticed a phantom
  3485 | D:4      | Found a broken altar of Ashenzari.
  3495 | D:4      | Reached XP level 6. HP: 44/44 MP: 9/9
  3529 | D:4      | Found a hide-covered altar of Uskayaw.
  3591 | D:4      | Reached skill level 4 in Maces & Flails
  3694 | D:4      | Reached * piety under Okawaru
  3695 | D:4      | Reached skill level 5 in Maces & Flails
  3780 | D:5      | Entered Level 5 of the Dungeon
  3830 | D:5      | Reached skill level 1 in Dodging
  3830 | D:5      | Reached skill level 1 in Invocations
  3830 | D:5      | Gained mutation: You sometimes gain a little power by
                  | taking damage. [demonic ancestry]
  3830 | D:5      | Reached XP level 7. HP: 45/50 MP: 10/10
  3888 | D:5      | Reached skill level 2 in Invocations
  3921 | D:5      | Reached skill level 2 in Dodging
  3921 | D:5      | Reached skill level 3 in Invocations
  4052 | D:5      | Reached ** piety under Okawaru
  4073 | D:5      | Reached skill level 4 in Invocations
  4111 | D:5      | Reached skill level 3 in Dodging
  4311 | D:5      | Reached skill level 3 in Fighting
  4519 | D:6      | Noticed Maggie
  4555 | D:6      | Noticed a steam dragon
  4555 | D:6      | Found Ruheirok's Book Shoppe.
  4628 | D:5      | Gained mutation: You have a tail ending in a sharp stinger.
                  | [demonic ancestry]
  4628 | D:5      | Reached XP level 8. HP: 48/58 MP: 9/11
  4727 | D:5      | Reached skill level 4 in Fighting
  4727 | D:5      | Reached skill level 2 in Throwing
  5040 | D:5      | Reached skill level 4 in Dodging
  5041 | D:5      | Reached *** piety under Okawaru
  5071 | D:5      | Reached skill level 5 in Fighting
  5125 | D:6      | Reached skill level 3 in Throwing
  5298 | D:6      | Reached skill level 4 in Throwing
  5298 | D:6      | Reached skill level 5 in Dodging
  5393 | D:6      | Killed Maggie
  5393 | D:6      | Reached **** piety under Okawaru
  5394 | D:6      | Reached skill level 5 in Throwing
  5394 | D:6      | Gained mutation: You are mostly covered in razor-sharp
                  | scales. (AC +2, Slay +2) [demonic ancestry]
  5394 | D:6      | Reached XP level 9. HP: 54/68 MP: 12/12
  5859 | D:6      | Reached skill level 6 in Maces & Flails
  6238 | D:7      | Noticed DSscumlord's ghost (novice DsCj)
  6246 | D:7      | Found a transporter.
  6320 | D:7      | Reached skill level 7 in Maces & Flails
  6464 | D:7      | Reached ***** piety under Okawaru
  6494 | D:7      | Reached skill level 8 in Maces & Flails
  6512 | D:7      | Identified the +3 pair of boots of the Arcane {Int+4 Slay+2
                  | Stlth+}
  6659 | D:7      | Received a gift from Okawaru
  6753 | D:7      | Found a transporter.
  6898 | D:7      | Noticed Joseph
  7270 | D:8      | Found a runed translucent gate.
  7270 | D:8      | Found a runed translucent gate.
  7270 | D:8      | Found a runed translucent gate.
  7332 | D:8      | Noticed a tengu warrior
  7338 | D:8      | Found the +7 sceptre of Torment {pain, torment}
  7339 | D:8      | Noticed IdlyInterested's ghost (novice DsFi)
  7346 | D:8      | Noticed a troll
  7358 | D:8      | Killed a troll
  7359 | D:8      | Reached skill level 9 in Maces & Flails
  7359 | D:8      | Reached skill level 1 in Stealth
  7359 | D:8      | Gained mutation: You sometimes gain power by taking damage.
                  | [demonic ancestry]
  7359 | D:8      | Reached XP level 10. HP: 55/74 MP: 13/13
  7571 | D:8      | Found Vidoe's Weapon Boutique.
  7735 | D:8      | Noticed Psyche
  7744 | D:8      | Noticed a sun demon
  7750 | D:8      | Noticed a sixfirhy
  7763 | D:8      | HP: 12/74 [sixfirhy[a kobold demonologist] (7)]
  8171 | D:8      | Noticed Grum
  8353 | D:8      | Noticed a sun demon
  8439 | D:8      | Killed Psyche
  8440 | D:8      | Reached skill level 5 in Invocations
  8466 | D:8      | Reached skill level 2 in Armour
  8509 | D:8      | Found a basalt altar of Yredelemnul.
  8776 | D:8      | Killed Grum
  8776 | D:8      | Received a gift from Okawaru
  9257 | D:8      | Reached skill level 6 in Invocations
  9448 | D:9      | Reached skill level 3 in Armour
  9643 | D:9      | Reached skill level 10 in Maces & Flails
  9701 | D:9      | Found a staircase to the Orcish Mines.
  9859 | D:9      | Noticed a deep elf pyromancer
  9870 | D:9      | Killed a deep elf pyromancer
  9899 | D:9      | Identified a scroll of acquirement
  9916 | D:9      | You pick up a book of Sloth and begin reading...
  9916 | D:9      | You add the spells Petrify, Metabolic Englaciation and
                  | Statue Form to your library.
  9922 | D:9      | You pick up a book of Dreams and begin reading...
  9922 | D:9      | You add the spells Ensorcelled Hibernation, Spider Form and
                  | Anguish to your library.
  9925 | D:9      | You pick up a book of Alchemy and begin reading...
  9925 | D:9      | You add the spells Sublimation of Blood and Irradiate to
                  | your library.
  9926 | D:9      | Acquired the +0 pair of gloves of Weak the Leaf {rF+ rC+}
 10251 | D:10     | Entered Level 10 of the Dungeon
 10297 | D:10     | Found a hazy altar of Hepliaklqana.
 10431 | D:10     | Found a flagged portal.
 10486 | Bailey   | Entered a bailey
 10752 | Bailey   | Noticed an orc knight
 10788 | Bailey   | Killed an orc knight
 10788 | Bailey   | Identified the quicksilver dragon scales of Daisies {Will+
                  | Str+4 Stlth+} (Okawaru gifted it to you in a bailey)
 10788 | Bailey   | Received a gift from Okawaru
 10789 | Bailey   | Reached skill level 11 in Maces & Flails
 10789 | Bailey   | Gained mutation: Your demonic aura often causes spilled
                  | blood to erupt in flames. [demonic ancestry]
 10789 | Bailey   | Reached XP level 11. HP: 80/80 MP: 15/15
 10789 | Bailey   | A - the quicksilver dragon scales of Daisies {Will+ Str+4
                  | Stlth+, rare}
 10806 | Bailey   | You finish putting on the quicksilver dragon scales of
                  | Daisies {Will+ Str+4 Stlth+, rare}.
 10862 | Bailey   | Identified a +2 crystal plate armour
 10863 | Bailey   | P - a +2 crystal plate armour {rare}
 11091 | D:10     | You pick up a book of Decay and begin reading...
 11091 | D:10     | You add the spells Cigotuvi's Dreadful Rot and Dispel
                  | Undead to your library.
 11301 | D:10     | You fall into a shaft and drop 1 floor!
 11368 | D:10     | Reached skill level 6 in Fighting
 11640 | D:10     | Noticed a deep troll
 11640 | D:10     | Noticed a centaur warrior
 11645 | D:10     | Killed a centaur warrior
 11653 | D:10     | Reached skill level 12 in Maces & Flails
 11659 | D:10     | Killed a deep troll
 11660 | D:10     | Reached skill level 7 in Fighting
 11830 | D:11     | Found a staircase to the Lair.
 12018 | D:11     | You pick up a book of Armaments and begin reading...
 12018 | D:11     | You add the spells Stone Arrow and Lehudib's Crystal Spear
                  | to your library.
 12235 | D:11     | Noticed a two-headed ogre
 12242 | D:11     | Killed a two-headed ogre
 12242 | D:11     | Received a gift from Okawaru
 12243 | D:11     | Reached skill level 4 in Armour
 12429 | D:11     | Identified the ring "Tueqohaq" {rC+ Str+3 SInv}
 12567 | D:11     | Noticed a boulder beetle
 12586 | D:11     | Noticed a two-headed ogre
 12593 | D:11     | Killed a two-headed ogre
 12594 | D:11     | Reached skill level 13 in Maces & Flails
 12939 | Orc:1    | Entered Level 1 of the Orcish Mines
 13049 | Orc:1    | Gained mutation: Your presence sometimes corrodes those you
                  | injure. [demonic ancestry]
 13049 | Orc:1    | Reached XP level 12. HP: 91/91 MP: 16/16
 13153 | Orc:1    | Noticed Erica
 13158 | Orc:1    | Killed Erica
 13158 | Orc:1    | Reached ****** piety under Okawaru
 13159 | Orc:1    | Reached skill level 5 in Armour
 13369 | Orc:2    | Entered Level 2 of the Orcish Mines
 13493 | Orc:2    | your +2 crystal plate armour {rare} glows green for a
                  | moment.
 13494 | Orc:2    | your +3 crystal plate armour {rare} glows green for a
                  | moment.
 13524 | Orc:2    | Found a staircase to the Elven Halls.
 13899 | Orc:2    | Received a gift from Okawaru
 13919 | Orc:2    | Noticed an orc warlord
 13976 | Orc:2    | Killed an orc warlord
 13977 | Orc:2    | Reached skill level 14 in Maces & Flails
 14219 | Orc:1    | Reached skill level 6 in Armour
 14408 | Orc:1    | Noticed an orc high priest
 14416 | Orc:1    | Killed an orc high priest
 14576 | Orc:2    | Found Uxkeuregg's General Store.
 14661 | Orc:2    | Found Duntidatuol's Distillery.
 14896 | Orc:2    | Noticed an orc high priest
 14903 | Orc:2    | Reached skill level 7 in Armour
 14908 | Orc:2    | Reached skill level 15 in Maces & Flails
 15080 | Orc:2    | Killed an orc high priest
 15081 | Orc:2    | Gained mutation: You have a sharp stinger which inflicts
                  | weakening toxins. [demonic ancestry]
 15081 | Orc:2    | Reached XP level 13. HP: 96/96 MP: 17/17
 15087 | Orc:2    | Identified the +1 plate armour "Hovunn" {Will+ Dex+4 SInv}
                  | (Okawaru gifted it to you on level 2 of the Orcish Mines)
 15087 | Orc:2    | Received a gift from Okawaru
 15345 | Orc:2    | Reached skill level 8 in Armour
 15463 | Orc:2    | Found Huaruh's Jewellery Shoppe.
 15463 | Orc:2    | Found a one-way gate leading to the halls of Pandemonium.
 15463 | Orc:2    | Found Haprat's Antique Weapon Emporium.
 15476 | Orc:2    | Bought a slimy great mace for 333 gold pieces
 15476 | Orc:2    | Identified the +5 great mace "Jiecucen" {elec, Str+3 Int+4}
                  | (You bought it in a shop on level 2 of the Orcish Mines)
 15520 | Orc:2    | Bought a scroll of blinking for 112 gold pieces
 15520 | Orc:2    | Bought 2 atropa-tipped darts for 18 gold pieces
 15522 | Orc:2    | Bought a potion of heal wounds for 85 gold pieces
 15522 | Orc:2    | Bought a potion of curing for 51 gold pieces
 15522 | Orc:2    | Bought a potion of invisibility for 136 gold pieces
 15522 | Orc:2    | Bought a potion of heal wounds for 85 gold pieces
 15522 | Orc:2    | Bought a potion of curing for 51 gold pieces
 15522 | Orc:2    | Bought a potion of lignification for 51 gold pieces
 15522 | Orc:2    | Bought a potion of might for 68 gold pieces
 15522 | Orc:2    | Bought a potion of heal wounds for 85 gold pieces
 15522 | Orc:2    | Bought a potion of ambrosia for 136 gold pieces
 15750 | Lair:1   | Entered Level 1 of the Lair of Beasts
 15767 | Lair:1   | Reached skill level 16 in Maces & Flails
 15815 | Lair:1   | Reached skill level 9 in Armour
 16395 | Lair:1   | Q - the quicksilver dragon scales of Daisies (worn) {Will+
                  | Str+4 Stlth+, rare}
 16865 | Lair:2   | Reached skill level 10 in Armour
 16872 | Lair:2   | Reached skill level 1 in Necromancy
 16910 | Lair:2   | Reached skill level 7 in Invocations
 17016 | Lair:2   | Reached skill level 2 in Necromancy
 17024 | Lair:2   | Reached skill level 3 in Necromancy
 17265 | Lair:2   | Found a dark tunnel.
 17279 | Lair:2   | You drop a +4 crystal plate armour {rare}.
 17283 | Volcano  | Entered a volcano
 17306 | Volcano  | Identified the +6 tower shield "Oskewon" {Int+3} (Okawaru
                  | gifted it to you in a volcano)
 17306 | Volcano  | Received a gift from Okawaru
 17311 | Volcano  | Found a radiant altar of Vehumet.
 17328 | Volcano  | Reached skill level 4 in Necromancy
 17395 | Volcano  | Reached skill level 5 in Necromancy
 17438 | Volcano  | q - a +2 quick blade of flaming {rare}
 17598 | Lair:2   | You drop a +2 quick blade of flaming {rare}.
 17612 | Lair:2   | Noticed Sonja
 17620 | Lair:2   | Killed Sonja
 17768 | Lair:2   | Noticed Fannar
 17787 | Lair:2   | Killed Fannar
 17788 | Lair:2   | Reached XP level 14. HP: 103/103 MP: 19/19
 18359 | Lair:3   | Found a staircase to the Swamp.
 18479 | Lair:3   | Reached skill level 6 in Throwing
 18510 | Lair:3   | Reached skill level 8 in Fighting
 18599 | Lair:3   | Found a gate leading to a gauntlet.
 18674 | Gauntlet | Entered a Gauntlet
 18674 | Gauntlet | Found a transporter.
 18689 | Gauntlet | Found a transporter.
 18699 | Gauntlet | Found a transporter.
 18760 | Gauntlet | Found a transporter.
 18762 | Gauntlet | Found a transporter.
 18764 | Gauntlet | Found a transporter.
 18792 | Gauntlet | Found a transporter.
 18794 | Gauntlet | Found a transporter.
 18813 | Gauntlet | Found a transporter.
 18828 | Gauntlet | Found a transporter.
 18831 | Gauntlet | Noticed an azure jelly
 18833 | Gauntlet | an azure jelly changed into a fire giant
 18833 | Gauntlet | Noticed a fire giant (glowing shapeshifter)
 18835 | Gauntlet | a fire giant changed into a quicksilver dragon
 18835 | Gauntlet | Noticed a quicksilver dragon (glowing shapeshifter)
 18837 | Gauntlet | a quicksilver dragon changed into a frost giant
 18837 | Gauntlet | Noticed a frost giant (glowing shapeshifter)
 18840 | Gauntlet | Found a transporter.
 18841 | Gauntlet | a frost giant changed into a storm dragon
 18841 | Gauntlet | Noticed a storm dragon (glowing shapeshifter)
 18842 | Gauntlet | a storm dragon changed into a dire elephant
 18861 | Gauntlet | Found a transporter.
 18874 | Gauntlet | Found a transporter.
 18886 | Gauntlet | Found a transporter.
 18898 | Gauntlet | Found a transporter.
 18910 | Gauntlet | Found a transporter.
 18922 | Gauntlet | Found a transporter.
 19162 | Gauntlet | Reached skill level 7 in Throwing
 19177 | Gauntlet | Identified the +2 helmet of the Jackalope {rN+ Dex+4}
 19179 | Gauntlet | an eight-headed hydra changed into a broodmother
 19179 | Gauntlet | Noticed a broodmother (shapeshifter)
 19236 | Gauntlet | Identified the +7 mace "Ugi Voph" {freeze, rElec rN+ rCorr
                  | SInv} (Okawaru gifted it to you in a Gauntlet)
 19236 | Gauntlet | Received a gift from Okawaru
 19311 | Lair:3   | Reached skill level 9 in Fighting
 19470 | Lair:3   | Found a hole to the Spider Nest.
 20004 | Lair:4   | You pick up a book of Beasts and begin reading...
 20143 | Lair:4   | You pick up a book of Beasts and begin reading...
 20930 | Lair:5   | Entered Level 5 of the Lair of Beasts
 20950 | Lair:5   | Reached skill level 8 in Throwing
 21010 | Lair:5   | Reached skill level 10 in Fighting
 21014 | Lair:5   | Identified a +0 crystal plate armour (Okawaru gifted it to
                  | you on level 5 of the Lair of Beasts)
 21014 | Lair:5   | Received a gift from Okawaru
 21026 | Lair:5   | Reached skill level 6 in Necromancy
 21030 | Lair:5   | v - a +0 crystal plate armour {rare}
 21032 | Lair:5   | You drop a +0 crystal plate armour {rare}.
 21207 | Lair:5   | You pick up a book of Transfigurations and begin reading...
 21207 | Lair:5   | You add the spells Blade Hands and Dragon Form to your
                  | library.
 21369 | Lair:5   | Reached skill level 7 in Necromancy
 21386 | Lair:5   | Found a staircase to the Slime Pits.
 21387 | Lair:5   | Found a viscous altar of Jiyva.
 21435 | Lair:5   | Paralysed by a hornet for 1 turns
 21556 | Lair:5   | Reached skill level 9 in Throwing
 21733 | Lair:5   | You pick up a book of Callings and begin reading...
 21789 | Lair:5   | Found the +8 Vampire's Tooth {vamp}
 21947 | Lair:5   | Identified the +3 glaive "Xoebleku" {freeze, Will+ rCorr
                  | MP+9 Int+3}
 21950 | Lair:5   | You pick up a book of Touch and begin reading...
 21950 | Lair:5   | You add the spells Kiss of Death and Confusing Touch to
                  | your library.
 22260 | D:12     | You pick up a book of Geomancy and begin reading...
 22260 | D:12     | You add the spells Sandblast and Passwall to your library.
 22368 | Lair:2   | P - a +4 crystal plate armour {rare}
 22374 | Lair:2   | You finish taking off the quicksilver dragon scales of
                  | Daisies {Will+ Str+4 Stlth+, rare}.
 22379 | Lair:2   | You finish putting on your +4 crystal plate armour {rare}.
 22384 | Lair:2   | You finish taking off your +4 crystal plate armour {rare}.
 22389 | Lair:2   | You finish putting on the quicksilver dragon scales of
                  | Daisies {Will+ Str+4 Stlth+, rare}.
 22394 | Lair:2   | You finish taking off the quicksilver dragon scales of
                  | Daisies {Will+ Str+4 Stlth+, rare}.
 22399 | Lair:2   | You finish putting on your +4 crystal plate armour {rare}.
 22405 | Lair:2   | You finish taking off your +4 crystal plate armour {rare}.
 22410 | Lair:2   | You finish putting on the quicksilver dragon scales of
                  | Daisies {Will+ Str+4 Stlth+, rare}.
 22416 | Lair:2   | You finish taking off the quicksilver dragon scales of
                  | Daisies {Will+ Str+4 Stlth+, rare}.
 22421 | Lair:2   | You finish putting on your +4 crystal plate armour {rare}.
 22421 | Lair:2   | You drop the quicksilver dragon scales of Daisies {Will+
                  | Str+4 Stlth+, rare}.
 22639 | D:12     | Gained mutation: Your demonic aura causes all spilled blood
                  | to erupt in flames. [demonic ancestry]
 22639 | D:12     | Reached XP level 15. HP: 115/115 MP: 20/20
 22654 | D:12     | Identified the +5 short sword "Avaxovid" {distort, Int+3
                  | SInv}
 23155 | D:13     | Reached skill level 8 in Necromancy
 23714 | D:13     | Found a gate to the Vaults.
 23720 | D:13     | Received a gift from Okawaru
 23737 | D:13     | Reached skill level 10 in Throwing
 23737 | D:13     | Reached skill level 9 in Necromancy
 24032 | D:13     | Reached skill level 10 in Necromancy
 24459 | D:14     | Received a gift from Okawaru
 25008 | D:14     | Identified the +6 flail "Killer Bee's Peril" {venom, rC+
                  | rCorr Dex+4}
 25213 | D:15     | Entered Level 15 of the Dungeon
 25229 | D:15     | Received a gift from Okawaru
 25242 | D:15     | Noticed a fire giant
 25251 | D:15     | Reached skill level 11 in Fighting
 25255 | D:14     | Killed a fire giant
 25371 | D:14     | Reached skill level 11 in Armour
 25478 | D:15     | You pick up a book of Chaos and begin reading...
 25478 | D:15     | You add the spells Conjure Ball Lightning, Disjunction and
                  | Discord to your library.
 25507 | D:15     | Found a staircase to the Depths.
 25588 | D:15     | Found Kiepten's Antique Weapon Emporium.
 26039 | Depths:1 | Entered Level 1 of the Depths
 26063 | Depths:1 | Found a one-way gate to the infinite horrors of the Abyss.
 26063 | Depths:1 | Noticed a deep elf sorcerer
 26070 | Depths:1 | Killed a deep elf sorcerer
 26135 | Depths:1 | Found a gateway to Hell.
 26182 | Depths:1 | Noticed Aizul
 26199 | Depths:1 | Killed Aizul
 26432 | Depths:1 | Paralysed by a vampire knight for 5 turns
 26580 | Depths:1 | Gained mutation: You are powered by pain. [demonic
                  | ancestry]
 26580 | Depths:1 | Reached XP level 16. HP: 119/127 MP: 19/21
 26582 | Depths:1 | Reached skill level 12 in Fighting
 26672 | Depths:1 | Found a shadowy altar of Dithmenos.
 26673 | Depths:1 | You pick up a book of Dangerous Friends and begin
                  | reading...
 26714 | Depths:1 | Found a one-way gateway to a ziggurat.
 26800 | Depths:1 | Found a shimmering altar of Xom.
 26813 | Depths:1 | Received a gift from Okawaru
 26831 | Depths:1 | Reached skill level 12 in Armour
 27099 | Depths:1 | Found a shimmering altar of Xom.
 27099 | Depths:1 | Found a shimmering altar of Xom.
 27099 | Depths:1 | Found a shimmering altar of Xom.
 27127 | Depths:1 | Received a gift from Okawaru
 27141 | Depths:1 | Identified the +1 dagger "Wesuenuh" {freeze, Str+2}
                  | (Okawaru gifted it to you on level 1 of the Depths)
 27141 | Depths:1 | Received a gift from Okawaru
 27403 | Depths:1 | Noticed Asterion
 27421 | Depths:1 | Killed Asterion
 27422 | Depths:1 | Reached skill level 13 in Fighting
 27558 | Depths:1 | Found a shimmering altar of Xom.
 27558 | Depths:1 | Found a shimmering altar of Xom.
 27562 | Depths:1 | Found a shimmering altar of Xom.
 28110 | Depths:2 | Noticed a juggernaut
 28120 | Depths:2 | Killed a juggernaut
 28121 | Depths:2 | Reached skill level 13 in Armour
 28121 | Depths:2 | Reached skill level 5 in Shields
 28146 | Depths:2 | Received a gift from Okawaru
 28562 | Depths:2 | Noticed a hellephant
 28597 | Depths:2 | Killed a hellephant
 28598 | Depths:2 | Reached skill level 6 in Shields
 28842 | Depths:2 | your +4 crystal plate armour {rare} glows green for a
                  | moment.
 28877 | Depths:2 | Reached skill level 14 in Fighting
 29166 | Depths:2 | Found an ancient bone altar of Kikubaaqudgha.
 29197 | Depths:2 | Reached XP level 17. HP: 120/139 MP: 17/22
 29416 | Depths:2 | Noticed a lich
 29426 | Depths:2 | Killed a lich
 29488 | Depths:2 | Identified the +0 ring mail "Hum Seor" {rElec Str-4 Dex+4
                  | Slay-6}
 29640 | Depths:3 | Noticed a quicksilver dragon
 29645 | Depths:3 | Killed a quicksilver dragon
 29645 | Depths:3 | Identified the +3 great mace "Siufo" {heavy, rC- rCorr
                  | Str+8 SInv} (Okawaru gifted it to you on level 3 of the
                  | Depths)
 29645 | Depths:3 | Received a gift from Okawaru
 29656 | Depths:3 | Found a magical portal.
 29756 | Depths:3 | Reached skill level 7 in Shields
 29837 | WizLab   | Entered The Chambers of the Cloud Mage
 29854 | WizLab   | Paralysed by an air elemental for 1 turns
 29861 | WizLab   | Paralysed by an air elemental for 1 turns
 29910 | WizLab   | HP: 35/140 [poisoned by a death drake (dark miasma)]
 30179 | WizLab   | HP: 32/140 [poison (dark miasma)]
 30184 | WizLab   | HP: 23/140 [poison (dark miasma)]
 30275 | WizLab   | HP: 32/140 [poisoned by a death drake (dark miasma)]
 30280 | WizLab   | HP: 24/140 [death drake] (9)]
 30281 | WizLab   | HP: 11/140 [poison (dark miasma)]
 30685 | WizLab   | Paralysed by an air elemental for 1 turns
 30847 | WizLab   | Paralysed by an air elemental for 1 turns
 30850 | WizLab   | Paralysed by an air elemental for 1 turns
 30855 | WizLab   | Paralysed by an air elemental for 1 turns
 30860 | WizLab   | Paralysed by an air elemental for 1 turns
 30868 | WizLab   | HP: 35/140 [apocalypse crab (4)]
 30869 | WizLab   | Paralysed by an air elemental for 1 turns
 30871 | WizLab   | Paralysed by an air elemental for 1 turns
 30874 | WizLab   | Paralysed by an air elemental for 1 turns
 30875 | WizLab   | Reached skill level 14 in Armour
 30876 | WizLab   | Paralysed by an air elemental for 1 turns
 30878 | WizLab   | Identified the +7 morningstar of Absolution {heavy, Drain
                  | rC+ Str+5} (Okawaru gifted it to you in a wizard's
                  | laboratory)
 30878 | WizLab   | Received a gift from Okawaru
 31218 | WizLab   | Noticed Bavoffee
 31218 | WizLab   | Bavoffee the Cloud Mage comes into view. They are wielding
                  | a +2 quick blade of electrocution and wearing the +3 robe
                  | of Clouds {*Thunder rCloud rElec}.
 31219 | WizLab   | Aim: Bavoffee the Cloud Mage, wielding a +2 quick blade of
                  | electrocution and wearing the +3 robe of Clouds {*Thunder
                  | rCloud rElec} (67% to hit, chance to blind on hit: 0%)
 31219 | WizLab   | Aim: Bavoffee the Cloud Mage, wielding a +2 quick blade of
                  | electrocution and wearing the +3 robe of Clouds {*Thunder
                  | rCloud rElec} (67% to hit, chance to blind on hit: 0%)
 31219 | WizLab   | Aim: Bavoffee the Cloud Mage, wielding a +2 quick blade of
                  | electrocution and wearing the +3 robe of Clouds {*Thunder
                  | rCloud rElec} (67% to hit)
 31219 | WizLab   | Aim: Bavoffee the Cloud Mage, wielding a +2 quick blade of
                  | electrocution and wearing the +3 robe of Clouds {*Thunder
                  | rCloud rElec} (67% to hit)
 31220 | WizLab   | Aim: Bavoffee the Cloud Mage, wielding a +2 quick blade of
                  | electrocution and wearing the +3 robe of Clouds {*Thunder
                  | rCloud rElec} (lightly wounded, very poisoned, slow, 67% to
                  | hit)
 31220 | WizLab   | Aim: Bavoffee the Cloud Mage, wielding a +2 quick blade of
                  | electrocution and wearing the +3 robe of Clouds {*Thunder
                  | rCloud rElec} (lightly wounded, very poisoned, slow, 67% to
                  | hit)
 31221 | WizLab   | Aim: Bavoffee the Cloud Mage, wielding a +2 quick blade of
                  | electrocution and wearing the +3 robe of Clouds {*Thunder
                  | rCloud rElec} (lightly wounded, very poisoned, slow, 67% to
                  | hit)
 31221 | WizLab   | Aim: Bavoffee the Cloud Mage, wielding a +2 quick blade of
                  | electrocution and wearing the +3 robe of Clouds {*Thunder
                  | rCloud rElec} (lightly wounded, very poisoned, slow, 67% to
                  | hit)
 31222 | WizLab   | Aim: Bavoffee the Cloud Mage, wielding a +2 quick blade of
                  | electrocution and wearing the +3 robe of Clouds {*Thunder
                  | rCloud rElec} (flame, moderately wounded, very poisoned,
                  | slow, 67% to hit)
 31222 | WizLab   | Aim: Bavoffee the Cloud Mage, wielding a +2 quick blade of
                  | electrocution and wearing the +3 robe of Clouds {*Thunder
                  | rCloud rElec} (flame, moderately wounded, very poisoned,
                  | slow, 67% to hit)
 31223 | WizLab   | Aim: Bavoffee the Cloud Mage, wielding a +2 quick blade of
                  | electrocution and wearing the +3 robe of Clouds {*Thunder
                  | rCloud rElec} (moderately wounded, very poisoned, slow, 60%
                  | to hit)
 31223 | WizLab   | Aim: Bavoffee the Cloud Mage, wielding a +2 quick blade of
                  | electrocution and wearing the +3 robe of Clouds {*Thunder
                  | rCloud rElec} (moderately wounded, very poisoned, slow, 60%
                  | to hit)
 31224 | WizLab   | Aim: Bavoffee the Cloud Mage, wielding a +2 quick blade of
                  | electrocution and wearing the +3 robe of Clouds {*Thunder
                  | rCloud rElec} (heavily wounded, very poisoned, slow,
                  | covered in acid, 60% to hit)
 31224 | WizLab   | Aim: Bavoffee the Cloud Mage, wielding a +2 quick blade of
                  | electrocution and wearing the +3 robe of Clouds {*Thunder
                  | rCloud rElec} (heavily wounded, very poisoned, slow,
                  | covered in acid, 60% to hit)
 31225 | WizLab   | Aim: Bavoffee the Cloud Mage, wielding a +2 quick blade of
                  | electrocution and wearing the +3 robe of Clouds {*Thunder
                  | rCloud rElec} (heavily wounded, poisoned, slow, covered in
                  | acid, 67% to hit)
 31225 | WizLab   | Aim: Bavoffee the Cloud Mage, wielding a +2 quick blade of
                  | electrocution and wearing the +3 robe of Clouds {*Thunder
                  | rCloud rElec} (heavily wounded, poisoned, slow, covered in
                  | acid, 67% to hit)
 31226 | WizLab   | Aim: Bavoffee the Cloud Mage, wielding a +2 quick blade of
                  | electrocution and wearing the +3 robe of Clouds {*Thunder
                  | rCloud rElec} (flame, severely wounded, poisoned, covered
                  | in acid, 67% to hit)
 31226 | WizLab   | Aim: Bavoffee the Cloud Mage, wielding a +2 quick blade of
                  | electrocution and wearing the +3 robe of Clouds {*Thunder
                  | rCloud rElec} (flame, severely wounded, poisoned, covered
                  | in acid, 67% to hit)
 31227 | WizLab   | Aim: Bavoffee the Cloud Mage, wielding a +2 quick blade of
                  | electrocution and wearing the +3 robe of Clouds {*Thunder
                  | rCloud rElec} (flame, almost dead, surrounded by a freezing
                  | vortex, poisoned, covered in acid, 67% to hit)
 31227 | WizLab   | Aim: Bavoffee the Cloud Mage, wielding a +2 quick blade of
                  | electrocution and wearing the +3 robe of Clouds {*Thunder
                  | rCloud rElec} (flame, almost dead, surrounded by a freezing
                  | vortex, poisoned, covered in acid, 67% to hit)
 31228 | WizLab   | Aim: Bavoffee the Cloud Mage, wielding a +2 quick blade of
                  | electrocution and wearing the +3 robe of Clouds {*Thunder
                  | rCloud rElec} (flame, almost dead, surrounded by a freezing
                  | vortex, poisoned, covered in acid, 67% to hit)
 31228 | WizLab   | Aim: Bavoffee the Cloud Mage, wielding a +2 quick blade of
                  | electrocution and wearing the +3 robe of Clouds {*Thunder
                  | rCloud rElec} (flame, almost dead, surrounded by a freezing
                  | vortex, poisoned, covered in acid, 67% to hit)
 31228 | WizLab   | Killed Bavoffee the Cloud Mage
 31457 | WizLab   | C - a +2 quick blade of electrocution {rare}
 31480 | WizLab   | Identified the +8 hand axe "Dusixiuh" {freeze, *Noise rElec
                  | rN+++ Str+4}
 31484 | WizLab   | Identified the +1 quick blade of Exchange {holy, rPois}
 31496 | WizLab   | You add the spells Silence, Storm Form and Chain Lightning
                  | to your library.
 31496 | WizLab   | Got the Papyrus of the Birds
 31743 | Depths:3 | You drop a +2 quick blade of electrocution {rare}.
 31912 | Depths:3 | Identified the ring "Lics" {Ice *Slow +Blink Fly Dex+4}
 31912 | Depths:3 | Noticed Josephina
 31969 | Depths:3 | Reached skill level 8 in Shields
 31995 | Depths:3 | Killed Josephina
 32276 | Depths:3 | Reached skill level 15 in Fighting
 32620 | Depths:3 | Received a gift from Okawaru
 33358 | Depths:4 | Entered Level 4 of the Depths
 33441 | Depths:4 | Found Yghosha's Jewellery Boutique.
 33443 | Depths:4 | Found a corrupted altar of Lugonu.
 33468 | Depths:4 | Reached skill level 9 in Shields
 33478 | Depths:4 | HP: 34/142 [spriggan rider/+0 spear (12)]
 33744 | Depths:4 | Noticed Sojobo
 33750 | Depths:3 | HP: 28/137 [tengu reaver/bolt of acid[Sojobo] (16)]
 34179 | Depths:3 | Paralysed by an air elemental for 1 turns
 34183 | Depths:3 | Paralysed by an air elemental for 1 turns
 34464 | Swamp:1  | Entered Level 1 of the Swamp
 34731 | Swamp:1  | Reached skill level 15 in Armour
 34773 | Swamp:1  | You finish taking off your +5 crystal plate armour {rare}.
 34895 | Swamp:1  | Reached XP level 18. HP: 123/149 MP: 19/23
 34976 | Swamp:1  | Reached skill level 10 in Shields
 35670 | Swamp:1  | You pick up a book of Debilitation and begin reading...
 35670 | Swamp:1  | You add the spells Slow and Vampiric Draining to your
                  | library.
 35787 | Swamp:1  | Reached skill level 11 in Shields
 36037 | Swamp:2  | Received a gift from Okawaru
 36070 | Swamp:2  | Noticed Louise
 36080 | Swamp:2  | You are cast into the Abyss!
 36080 | Abyss:2  | Cast into level 2 of the Abyss (Louise)
 36082 | Abyss:2  | Found a corrupted altar of Lugonu.
 36185 | Abyss:2  | HP: 36/149 [cacodemon (11)]
 36188 | Abyss:2  | HP: 12/149 [starcursed mass/accursed screaming (6)]
 36192 | Abyss:2  | HP: 5/149 [smoke demon/ball of steam (4)]
 36193 | Abyss:2  | HP: 1/149 [starcursed mass/accursed screaming (4)]
 36194 | Abyss:2  | Killed from afar by a starcursed mass

Vanquished Creatures
  A juggernaut (Depths:2)
  Josephina (Depths:3)
  A hellephant (Depths:2)
  Cloud Mage (WizLab)
  Asterion (Depths:1)
  A lich (Depths:2)
  A quicksilver dragon (Depths:3)
  3 thorn hunters
  3 tengu reavers
  3 fire giants
  A deep elf sorcerer (Depths:1)
  A caustic shrike zombie (Depths:3)
  7 frost giants
  Aizul (Depths:1)
  3 stone giants
  3 very ugly things
  An orc warlord (Orc:2)
  A vampire knight (D:15)
  3 eleionomae (Swamp:1)
  A minotaur (Gauntlet)
  2 purple draconians
  A yellow draconian (Depths:4)
  A white draconian (Depths:3)
  5 spark wasps
  4 bunyips (Swamp:1)
  A spark wasp (shapeshifter) (Gauntlet)
  5 ettins
  2 blizzard demons (WizLab)
  3 jiangshi (Depths:1)
  5 fire dragons
  Fannar (Lair:2)
  3 ice dragons
  5 hydras
  8 vault guards (D:13)
  A merfolk avatar (Lair:5)
  3 rakshasas
  2 demonspawn (Orc:2)
  A catoblepas (D:13)
  Erica (Orc:1)
  3 spriggan air magi
  3 ghost crabs (WizLab)
  2 ogre magi
  A spriggan skeleton (Depths:3)
  4 boulder beetles
  4 alligators (Swamp:1)
  7 centaur warriors
  10 two-headed ogres
  A tengu warrior (Gauntlet)
  10 deep troll shamans
  A vampire mage (Depths:1)
  9 hell hogs (Depths:2)
  2 spriggan berserkers
  5 deep troll earth magi
  4 shock serpents (WizLab)
  7 spriggans
  Sonja (Lair:2)
  5 orc high priests
  6 hell knights
  A soul eater (Orc:2)
  A spriggan druid (Swamp:1)
  A fire crab (Gauntlet)
  2 sea snakes (Lair:5)
  A salamander mystic (Volcano)
  7 death drakes (WizLab)
  A pharaoh ant (Lair:3)
  3 iron trolls
  A goliath frog (Swamp:1)
  17 deep trolls
  A wizard (Depths:1)
  3 bog bodies (Swamp:2)
  A lindwurm (Lair:3)
  5 orc knights
  A swamp dragon (Swamp:1)
  2 harpies (Lair:5)
  4 necromancers
  2 harpies (shapeshifter)
  2 deep elf pyromancers
  22 ugly things
  3 cyclopes
  A manticore (D:13)
  10 orc sorcerers
  3 will-o-the-wisps
  6 salamanders (Volcano)
  A salamander (shapeshifter) (D:14)
  A black mamba (Lair:5)
  14 elephants
  3 apocalypse crabs (WizLab)
  2 smoke demons (Abyss:2)
  2 gargoyles
  A titan simulacrum (Depths:3)
  Maggie (D:6)
  11 cane toads
  Psyche (D:8)
  2 rime drakes
  2 freezing wraiths (D:10)
  2 kobold demonologists
  6 komodo dragons
  An unseen horror (D:11)
  2 ice devils (Orc:2)
  3 efreet
  2 tengu conjurers (Gauntlet)
  A golden dragon simulacrum (Depths:3)
  An ancient zyme (Abyss:2)
  6 trolls
  3 polar bears (Lair:5)
  3 meliai (D:13)
  3 wind drakes (WizLab)
  A bloated husk (Swamp:1)
  A polar bear (shapeshifter) (Gauntlet)
  8 hornets
  11 dream sheep
  A tarantella (Lair:3)
  A tengu simulacrum (Depths:3)
  A tyrant leech (Swamp:1)
  An iron dragon simulacrum (Depths:3)
  10 blink frogs
  A snapping turtle (Lair:5)
  7 slime creatures
  A jumping spider (Lair:3)
  A slime creature (shapeshifter) (Depths:4)
  5 air elementals (WizLab)
  A ynoxinul (Orc:2)
  A wraith (D:10)
  5 wyverns
  A centaur simulacrum (D:14)
  A shadow (D:10)
  5 basilisks
  A starcursed mass (Abyss:2)
  38 yaks
  A fire elemental (Orc:2)
  2 fire bats (Gauntlet)
  3 water elementals
  2 redbacks
  3 wargs (Orc:1)
  5 swamp worms
  Grum (D:8)
  11 steam dragons
  A small abomination (Abyss:2)
  3 acid dragons
  A naga (shapeshifter) (D:13)
  4 vampire mosquitoes (D:11)
  A floating eye (Depths:2)
  11 water moccasins
  A glowing shapeshifter skeleton (Depths:3)
  4 swamp drakes
  A sky beast (D:6)
  6 black bears
  3 ice beasts
  45 orc warriors
  A wolf (shapeshifter) (Depths:3)
  15 wolves
  6 ogres
  11 centaurs
  2 phantoms
  2 kobold brigands
  2 necrophages
  14 bullfrogs
  A glowing shapeshifter simulacrum (Depths:3)
  4 scorpions
  A gnoll sergeant (D:6)
  4 wights
  10 killer bees
  10 howler monkeys
  An electric eel (D:11)
  2 gnoll boudas (D:8)
  6 hounds
  A lava snake (Orc:2)
  4 jellies
  22 orc priests
  9 iguanas
  18 orc wizards
  2 lightning spires (Swamp:1)
  13 gnolls
  Robin (D:3)
  10 adders
  2 shadow imps
  An ufetubus (D:6)
  2 worms
  2 dart slugs
  94 orcs
  2 ball pythons
  3 bats
  5 endoplasms
  3 giant cockroaches
  15 goblins
  6 hobgoblins
  4 quokkas
  3 frilled lizards
  17 kobolds
  3 rats (D:1)
  A ball lightning (Swamp:1)
  A butterfly (Lair:5)
900 creatures vanquished.

Vanquished Creatures (others)
  2 bloated husks (Swamp:1)
  A wind drake (WizLab)
  An ufetubus (D:7)
  An orc (D:5)
  A ball lightning (Swamp:1)
  13 demonic plants (Gauntlet)
  12 foxfires
  20 fungi
  50 plants
  3 withered plants (Depths:2)
104 creatures vanquished.

Grand Total: 1004 creatures vanquished

Table legend:
 A = Non-vault XP
 B = Vault XP
 C = Vault XP percentage of total XP
 D = Non-vault monster count
 E = Vault monster count
 F = Vault count percentage of total count
                 A         B        C        D         E       F
            +---------+---------+-------+---------+---------+-------
      Total |  194511 |  117374 |  37.6 |     631 |     268 |  29.8
            +---------+---------+-------+---------+---------+-------
        D:1 |      30 |       0 |   0.0 |      18 |       0 |   0.0
        D:2 |      58 |      17 |  22.7 |      10 |      10 |  50.0
        D:3 |      36 |      35 |  49.3 |       5 |       6 |  54.5
        D:4 |     482 |       0 |   0.0 |      20 |       0 |   0.0
        D:5 |    1450 |       0 |   0.0 |      31 |       0 |   0.0
        D:6 |    1376 |     398 |  22.4 |      33 |       1 |   2.9
        D:7 |    1113 |     809 |  42.1 |      14 |       5 |  26.3
        D:8 |    1221 |     854 |  41.2 |      10 |       6 |  37.5
        D:9 |    1066 |     574 |  35.0 |      17 |       1 |   5.6
       D:10 |    2486 |    3273 |  56.8 |      23 |      17 |  42.5
       D:11 |    4293 |     329 |   7.1 |      17 |       4 |  19.0
       D:12 |    3013 |       0 |   0.0 |      16 |       0 |   0.0
       D:13 |   11070 |    6919 |  38.5 |      23 |       8 |  25.8
       D:14 |   11760 |    1327 |  10.1 |      24 |       1 |   4.0
       D:15 |   11563 |       0 |   0.0 |      23 |       0 |   0.0
     Lair:1 |    7935 |    1033 |  11.5 |      29 |       5 |  14.7
     Lair:2 |    3826 |    1671 |  30.4 |      16 |       2 |  11.1
     Lair:3 |    8905 |    1796 |  16.8 |      36 |       8 |  18.2
     Lair:4 |    3533 |     911 |  20.5 |      10 |       4 |  28.6
     Lair:5 |    9248 |    6975 |  43.0 |      31 |      17 |  35.4
    Swamp:1 |   21091 |    1477 |   6.5 |      30 |       7 |  18.9
    Swamp:2 |    4072 |       0 |   0.0 |       5 |       0 |   0.0
      Orc:1 |    4564 |     844 |  15.6 |      39 |       1 |   2.5
      Orc:2 |    4528 |   15051 |  76.9 |      51 |      58 |  53.2
   Depths:1 |   34697 |    4264 |  10.9 |      45 |       3 |   6.2
   Depths:2 |   13644 |   19119 |  58.4 |      15 |      18 |  54.5
   Depths:3 |   15790 |   17357 |  52.4 |      18 |      18 |  50.0
   Depths:4 |   10131 |    1999 |  16.5 |      17 |       2 |  10.5
    Abyss:2 |    1530 |       0 |   0.0 |       5 |       0 |   0.0
     Bailey |       0 |    1085 | 100.0 |       0 |      18 | 100.0
    Volcano |       0 |    4725 | 100.0 |       0 |       8 | 100.0
     WizLab |       0 |   19057 | 100.0 |       0 |      30 | 100.0
   Gauntlet |       0 |    5475 | 100.0 |       0 |      10 | 100.0
            +---------+---------+-------+---------+---------+-------

Illustrated notes

Table legend:
 A = Kills in this place as a percentage of kills in entire the game.
 B = Kills by you in this place as a percentage of kills by you in the entire game.
 C = Kills by friends in this place as a percentage of kills by friends in the entire game.
 D = Other kills in this place as a percentage of other kills in the entire game.
 E = Experience gained in this place as a percentage of experience gained in the entire game.
 F = Experience gained in this place divided by the number of levels of this place that you have seen.
                   A       B       C       D       E      F
               +-------+-------+-------+-------+-------+----------------------
         Total | 100.0 | 100.0 |   N/A | 100.0 | 100.0 | 9173.1
       Dungeon |  38.2 |  38.2 |   N/A |   0.0 |  21.0 | 4370.1
          Lair |  17.6 |  17.6 |   N/A |   0.0 |  14.7 | 9166.6
         Swamp |   4.7 |   4.6 |   N/A | 100.0 |   8.5 | 13320.0
  Orcish Mines |  16.6 |  16.6 |   N/A |   0.0 |   8.0 | 12493.5
        Depths |  15.1 |  15.1 |   N/A |   0.0 |  37.5 | 29250.2
         Abyss |   0.6 |   0.6 |   N/A |   0.0 |   0.5 | 1530.0
        Bailey |   2.0 |   2.0 |   N/A |   0.0 |   0.3 | 1085.0
       Volcano |   0.9 |   0.9 |   N/A |   0.0 |   1.5 | 4725.0
        Wizlab |   3.3 |   3.3 |   N/A |   0.0 |   6.1 | 19057.0
      Gauntlet |   1.1 |   1.1 |   N/A |   0.0 |   1.8 | 5475.0
               +-------+-------+-------+-------+-------+----------------------

Table legend: (Time is in decaauts)
 A = Elapsed time spent in this place.
 B = Non-inter-level travel time spent in this place.
 C = Inter-level travel time spent in this place.
 D = Time resting spent in this place.
 E = Time spent auto-exploring this place.
 F = Levels seen in this place.
 G = Mean time per level.
                   A        B        C        D        E       F      G
               +--------+--------+--------+--------+--------+-----+--------+
         Total |  36126 |  33555 |   2571 |   6832 |  16640 |  34 | 1062.5 |
       Dungeon |  16342 |  14787 |   1555 |   2338 |   8240 |  15 | 1089.5 |
        Temple |    140 |    140 |      0 |      0 |     86 |   1 |  140.0 |
          Lair |   6134 |   5591 |    543 |    751 |   3369 |   5 | 1226.8 |
         Swamp |   1450 |   1427 |     23 |    251 |    869 |   2 |  725.0 |
  Orcish Mines |   2730 |   2598 |    132 |    524 |   1129 |   2 | 1365.0 |
        Depths |   5990 |   5673 |    317 |   1793 |   2868 |   4 | 1497.5 |
         Abyss |    111 |    111 |      0 |      0 |      0 |   1 |  111.0 |
        Bailey |    444 |    444 |      0 |     99 |      5 |   1 |  444.0 |
       Volcano |    303 |    303 |      0 |     25 |     61 |   1 |  303.0 |
        Wizlab |   1911 |   1911 |      0 |   1049 |      0 |   1 | 1911.0 |
      Gauntlet |    566 |    566 |      0 |      0 |     13 |   1 |  566.0 |
               +--------+--------+--------+--------+--------+-----+--------+

Top non-repeatable levels by time:
Depths:3: 2318 daAuts
   Orc:2: 1973 daAuts
Depths:2: 1934 daAuts
  WizLab: 1911 daAuts
Depths:1: 1684 daAuts
     D:2: 1599 daAuts
     D:7: 1547 daAuts
     D:8: 1423 daAuts
 Swamp:1: 1391 daAuts
  Lair:3: 1365 daAuts
  Lair:2: 1336 daAuts
     D:5: 1332 daAuts
     D:6: 1278 daAuts
  Lair:1: 1271 daAuts
    D:10: 1218 daAuts
